 Dungeon Crawl Stone Soup version 0.27-a0-592-g0306a34022 (webtiles) character file.

Game seed: 5837475597635609556

60 dolemite99 the Firebug (level 4, -1/33 HPs)
             Began as a Hill Orc Fire Elementalist on Mar 11, 2021.
             Was an Initiate of Ashenzari.
             Slain by an orc
             ... wielding a +0 short sword
              (5 damage)
             ... on level 3 of the Dungeon.
             The game lasted 00:06:12 (4247 turns).

dolemite99 the Firebug (Hill Orc Fire Elementalist) Turns: 4247, Time: 00:06:13

Health: -1/33      AC:  2    Str: 10    XL:     4   Next: 6%
Magic:  5/6        EV: 12    Int: 16    God:    Ashenzari [......]
Gold:   66         SH:  0    Dex: 11    Spells: 5/6 levels left

rFire    . . .     SeeInvis .   o - +1 war axe
rCold    . . .     Faith    .   (no shield)
rNeg     . . .     Spirit   .   a - +0 robe
rPois    .         Reflect  .   (no helmet)
rElec    .         Harm     .   (no cloak)
rCorr    .         Rampage  .   (no gloves)
Will     .....                  (no boots)
Stlth    ++........             (no amulet)
HPRegen  0.11/turn              (no ring)
MPRegen  0.10/turn              (no ring)

@: no status effects
A: no striking features
a: Renounce Religion, Convert to Beogh


You were on level 3 of the Dungeon.
You worshipped Ashenzari.
Ashenzari was noncommittal.
You visited 1 branch of the dungeon, and saw 3 of its levels.

You collected 66 gold pieces.

Inventory:

Hand Weapons
 o - a +1 war axe (weapon)
 s - a +0 hunting sling
Missiles
 i - 15 stones (quivered)
 m - 65 arrows
 n - 20 bolts
 r - 19 sling bullets
Armour
 a - a +0 robe (worn)
 d - a +0 leather armour
Jewellery
 b - a ring of flight
 p - a +4 ring of protection
Scrolls
 c - 4 scrolls of teleportation
 h - a scroll of amnesia
 k - 2 scrolls of blinking
 q - 2 scrolls of noise
Potions
 f - a potion of cancellation
 g - a potion of invisibility
 j - a potion of curing


   Skills:
 + Level 0.3 Axes
 - Level 1.5 Dodging
 - Level 1.5 Stealth
 - Level 1.5 Spellcasting
 - Level 3.5 Conjurations
 - Level 3.5 Fire Magic


You had 5 spell levels left.
You knew the following spells:

 Your Spells              Type           Power      Damage    Failure   Level
a - Foxfire               Conj/Fire      48%        2x1d6     4%          1

Your spell library contained the following spells:

 Spells                   Type           Power      Damage    Failure   Level
 Conjure Flame            Conj/Fire      12%        6-21      16%         3
 Inner Flame              Hex/Fire       6%         N/A       30%         3
 Sticky Flame             Conj/Fire      12%        2d4       45%         4
 Fireball                 Conj/Fire      6%         3d5       80%         5


Dungeon Overview and Level Annotations

Branches:
Dungeon (3/15)

Altars:
Ashenzari
Elyvilon

Annotations:
D:2 Terence


Message History

An orc priest opens the door.
The orc priest calls down the wrath of Beogh upon you.
Beogh smites you!
An orc comes into view. It is wielding a +0 dagger.
An orc comes into view. It is wielding a +0 short sword.
The orc priest calls down the wrath of Beogh upon you.
Beogh smites you!
An adder and an orc come into view.
The adder moves out of view.
The orc moves out of view.
You barely miss the orc.
The orc shouts!
You barely miss the orc.
The orc shouts!
You hear a shout!
You hear an angry hiss.
The orc hits you with a +0 short sword. The orc barely misses you.
The orc closely misses you.
The orc priest calls down the wrath of Beogh upon you.
Pain shoots through your body!
* * * LOW HITPOINT WARNING * * *
The orc closely misses you. The orc hits you.
* * * LOW HITPOINT WARNING * * *
You feel much better. The orc hits you. The orc hits you with a +0 dagger.
The orc priest mumbles some strange prayers to Beogh against you.
Beogh smites you!
* * * LOW HITPOINT WARNING * * *
The orc hits you.
* * * LOW HITPOINT WARNING * * *
The orc barely misses you.
You hit the orc.
The orc is almost dead.
You hit the orc. You barely miss the orc. The orc misses you.
The orc closely misses you. The orc barely misses you.
The orc hits you but does no damage.
Casting: Foxfire (safe; 4% risk of failure)
Confirm with . or Enter, or press ? or * to list all spells.
You conjure some foxfire!
The orc priest calls upon Beogh to heal the orc.
The orc's wounds heal themselves!
The orc barely misses you. The orc hits you with a +0 short sword.
You die...

#### ### #.. #####.#
#.### #.....####...#
..
####.#........#.####.#
.....#.#.####.#.... ..
##....####.#..###..
#.vv....##.#.......
##@#<.<.......##.#.
#.##ooS............#.
#...o....#.##.##.....
###.#.oB.#.##.##...?.
#.#o#.##....##.....
.).#...########.....
...........o.oB.'>....
...##############o....
.#. #...........


You could see an orc priest, an adder, 4 orcs and a giant cockroach.

Vanquished Creatures
  2 adders (D:2)
  An ooze (D:1)
  3 leopard geckos (D:1)
  An orc (D:3)
  2 ball pythons (D:2)
  A giant cockroach (D:2)
  3 hobgoblins (D:2)
  A quokka (D:2)
  4 bats
  5 frilled lizards
  3 goblins
  3 kobolds
  12 rats
41 creatures vanquished.

Vanquished Creatures (others)
  118 foxfires
118 creatures vanquished.

Grand Total: 159 creatures vanquished

Notes
Turn   | Place    | Note
-------+----------+-------------------------------------------
     0 | D:1      | dolemite99 the Hill Orc Fire Elementalist began the quest
                  | for the Orb.
     0 | D:1      | Reached XP level 1. HP: 14/14 MP: 3/3
   286 | D:1      | Reached XP level 2. HP: 20/20 MP: 1/4
  1527 | D:2      | Reached XP level 3. HP: 21/26 MP: 1/5
  1770 | D:2      | Noticed Terence
  2113 | D:2      | Found a white marble altar of Elyvilon.
  2114 | D:2      | Found a broken altar of Ashenzari.
  2483 | D:2      | Became a worshipper of Ashenzari the Shackled
  3437 | D:2      | Found a faded altar of an unknown god.
  3692 | D:2      | Reached XP level 4. HP: 33/33 MP: 2/6
  4247 | D:3      | Slain by an orc

Illustrated notes

Levels and vault maps discovered:
D:1:      lightli_arrival_boilingwater, layout_basic, minmay_misc_feat_encased,
          serial_bayou_pond_b
D:2:      layout_loops_ring, grunt_temple_overflow_open,
          chequers_ecumenical_altar_island, uniq_terence
D:3:      layout_basic, old_standard_altar, grunt_gozag_statues

Skill      XL: |  1  2  3 |
---------------+----------+-----
Conjurations   | 2 3 |  3.5
Axes           | |  0.3
Dodging        | |  1.5
Stealth        | |  1.5
Spellcasting   | |  1.5
Fire Magic     | |  3.5

Action                   |  1- 3 |  4- 6 || total
-------------------------+-------+-------++-------
Melee: War axe           |     1 |     2 ||     3
       Unarmed           |     1 |       ||     1
Throw: Stone             |     6 |       ||     6
 Cast: Foxfire           |    69 |     4 ||    73
  Use: Scroll            |       |     1 ||     1
       Potion            |       |     1 ||     1
Armor: Robe              |     3 |       ||     3
Dodge: Dodged            |    32 |     8 ||    40

Table legend: (Time is in decaauts)
 A = Elapsed time spent in this place.
 B = Non-inter-level travel time spent in this place.
 C = Inter-level travel time spent in this place.
 D = Time resting spent in this place.
 E = Time spent auto-exploring this place.
 F = Levels seen in this place.
 G = Mean time per level.
                   A        B        C        D        E       F      G
               +--------+--------+--------+--------+--------+-----+--------+
         Total |   4249 |   3998 |    251 |   2567 |    688 |   3 | 1416.3 |
       Dungeon |   4249 |   3998 |    251 |   2567 |    688 |   3 | 1416.3 |
               +--------+--------+--------+--------+--------+-----+--------+

Top non-repeatable levels by time:
     D:1: 2199 daAuts
     D:2: 1725 daAuts
     D:3: 325 daAuts
